 Dungeon Crawl Stone Soup version 0.28.0-53-g5a82cb258f (webtiles) character file.

Game seed: 16379807337488911797

64999 Plasmagod the Basher (level 15, -1/79 HPs)
             Began as a Vine Stalker Fighter on July 25, 2022.
             Was the Champion of Makhleb.
             Slain by a two-headed ogre
             ... wielding a +0 giant club
              (17 damage)
             ... on level 1 of the Orcish Mines.
             The game lasted 00:53:46 (17438 turns).

Plasmagod the Basher (Vine Stalker Fighter)        Turns: 17438, Time: 00:53:47

Health: -1/79      AC: 18    Str: 27    XL:     15   Next: 14%
Magic:  0/22       EV: 20    Int:  8    God:    Makhleb [******]
Gold:   681        SH: 10    Dex: 26    Spells: 14/14 levels left

rFire   + + .      SeeInvis +   T - +11 morningstar "Okhet" {vorpal, rElec rPois rF+ rC+}
rCold   . . .      Faith    .   U - +3 buckler
rNeg    . . .      Spirit   +   r - +1 ring mail of Protective Custody {Str+3 Dex+7 SInv}
rPois   +          Reflect  .   e - +2 helmet
rElec   +          Harm     .   B - +2 cloak
rCorr   .          Rampage  .   n - +1 pair of gloves
Will    +....                   o - +0 pair of boots
Stlth   +++.......              (no amulet)
HPRegen 1.03/turn               u - +4 ring of evasion
MPRegen 0.18/turn               I - ring of Tyidis {Fire Dex+3}

@: studying Unarmed Combat
A: fangs 3, regeneration 1, magic shield, antimagic bite, no potion heal 2
a: Renounce Religion, Minor Destruction, Lesser Servant of Makhleb, Major
Destruction, Greater Servant of Makhleb


You were on level 1 of the Orcish Mines.
You worshipped Makhleb.
Makhleb was exalted by your worship.
You visited 4 branches of the dungeon, and saw 22 of its levels.

You collected 1706 gold pieces.
You spent 1025 gold pieces at shops.

Inventory:

Hand Weapons
 w - a +7 dire flail of electrocution
 G - the +8 spear of Cyseto {venom, rF- rCorr MP+9 SInv}
   (You took it off a gnoll sergeant on level 8 of the Dungeon)

   It poisons the flesh of those it strikes.
   rF:        It makes you vulnerable to fire.
   MP:        It affects your magic capacity (+9).
   SInv:      It lets you see invisible.
   rCorr:     It protects you from acid and corrosion.
 T - the +11 morningstar "Okhet" (weapon) {vorpal, rElec rPois rF+ rC+}
   (You bought it in a shop on level 5 of the Dungeon)

   It inflicts extra damage upon your enemies.
   rF:        It protects you from fire.
   rC:        It protects you from cold.
   rElec:     It insulates you from electricity.
   rPois:     It protects you from poison.
Missiles
 k - 7 throwing nets (quivered)
Armour
 e - a +2 helmet (worn)
 n - a +1 pair of gloves (worn)
 o - a +0 pair of boots (worn)
 r - the +1 ring mail of Protective Custody (worn) {Str+3 Dex+7 SInv}
   (You found it on level 4 of the Dungeon)

   Str:       It affects your strength (+3).
   Dex:       It affects your dexterity (+7).
   SInv:      It lets you see invisible.
 B - a +2 cloak (worn)
 U - a +3 buckler (worn)
Jewellery
 u - a +4 ring of evasion (left hand)
 D - a ring of protection from cold
 I - the ring of Tyidis (right hand) {Fire Dex+3}
   (You found it on level 8 of the Dungeon)

   [ring of fire]

   It enhances your fire magic.
   Dex:       It affects your dexterity (+3).
   rF:        It protects you from fire.
   rC:        It makes you vulnerable to cold.
Wands
 v - a wand of flame (41)
 L - a wand of mindburst (6)
 M - a wand of charming (11)
 S - a wand of paralysis (5)
 V - a wand of iceblast (18)
 X - a wand of polymorph (7)
 Y - a wand of acid (3)
Scrolls
 a - a scroll of summoning
 f - 11 scrolls of teleportation
 h - a scroll of brand weapon
 i - a scroll of enchant armour
 l - a scroll of torment {unknown}
 y - 3 scrolls of blinking
 z - 2 scrolls of fog
 E - 3 scrolls of amnesia
 O - 4 scrolls of magic mapping
 P - 4 scrolls of identify
 Q - a scroll of holy word
 R - a scroll of enchant weapon
 W - a scroll of immolation
 Z - 3 scrolls of fear
Potions
 b - 2 potions of invisibility
 c - 4 potions of flight
 j - 5 potions of ambrosia
 m - 4 potions of brilliance
 p - 2 potions of mutation
 q - 8 potions of lignification
 s - 2 potions of cancellation
 t - 3 potions of attraction
 x - a potion of haste
 A - a potion of magic
 F - 4 potions of curing
 H - 2 potions of resistance
 J - 3 potions of berserk rage
Miscellaneous
 g - a lightning rod (4/4)
 C - a phial of floods
 K - a box of beasts


   Skills:
 + Level 9.6 Fighting
 + Level 2.9(10.8) Axes
 + Level 14.6(14.8) Maces & Flails
 * Level 6.3(6.7) Polearms
 * Level 8.9 Armour
 + Level 6.4 Dodging
 + Level 6.2 Stealth
 + Level 7.0 Shields
 * Level 8.3 Invocations
 + Level 1.0 Evocations


You had 14 spell levels left.
You didn't know any spells.
Your spell library contained the following spells:

 Spells                   Type           Power      Damage    Failure   Level
 Animate Skeleton         Necr           0%         N/A       58%         1
 Magic Dart               Conj           0%         1d3       58%         1
 Pain                     Necr           0%         1d4       58%         1
 Sandblast                Erth           0%         2d4       58%         1
 Sting                    Tmut/Pois      0%         1d3       58%         1
 Summon Small Mammal      Summ           0%         N/A       58%         1
 Ensorcelled Hibernation  Hex/Ice        0%         N/A       75%         2
 Passwall                 Tmut/Erth      0%         N/A       75%         2
 Poisonous Vapours        Pois/Air       0%         N/A       75%         2
 Searing Ray              Conj           0%         2d4       75%         2
 Call Canine Familiar     Summ           0%         N/A       92%         3
 Conjure Flame            Conj/Fire      0%         6-21      92%         3
 Ignite Poison            Fire/Tmut/Pois 0%         N/A       92%         3
 Ozocubu's Armour         Ice            0%         N/A       92%         3
 Stone Arrow              Conj/Erth      0%         3d7       92%         3
 Summon Guardian Golem    Hex/Summ       0%         N/A       92%         3
 Swiftness                Air            0%         N/A       92%         3
 Vampiric Draining        Necr           0%         2d6       92%         3
 Animate Armour           Summ/Erth      0%         N/A       100%        4
 Animate Dead             Necr           0%         N/A       100%        4
 Cause Fear               Hex            0%         N/A       100%        4
 Fulminant Prism          Conj/Hex       0%         3d6       100%        4
 Olgreb's Toxic Radiance  Pois           0%         N/A       100%        4
 Sticky Flame             Conj/Fire      0%         2d3       100%        4
 Agony                    Necr           0%         N/A       100%        5
 Excruciating Wounds      Necr           0%         N/A       100%        5
 Dragon Form              Tmut           0%         N/A       100%        7
 Haunt                    Necr/Summ      0%         N/A       100%        7
 Ozocubu's Refrigeration  Ice            0%         4d5       100%        7
 Infestation              Necr           0%         N/A       100%        8
 Lehudib's Crystal Spear  Conj/Erth      0%         10d2      100%        8
 Dragon's Call            Summ           0%         N/A       100%        9


Dungeon Overview and Level Annotations

Branches:
Dungeon (13/15)            Temple (1/1) D:6            Lair (6/6) D:11
  Swamp (0/4) Lair:2       Spider (0/4) Lair:2        Slime (0/5) Lair:6
    Orc (2/2) D:10
    Elf: Orc:2       Vaults: D:13-14

Altars:
Ashenzari
Cheibriados
Dithmenos
Elyvilon
Fedhas
Gozag
Hepliaklqana
Kikubaaqudgha
Makhleb
Nemelex Xobeh
Okawaru
Qazlal
Ru
Sif Muna
Trog
Uskayaw
Vehumet
Wu Jian
Xom
Yredelemnul
Zin
The Shining One
Lugonu

Shops:
D:5 (   D:8 *   D:9 *   Orc:2 ?(=!

Portals:
Abyss: Lair:6

Annotations:
Lair:1 3 runed translucent doors, Pexteng's ghost, journeyman MiFi


Innate Abilities, Weirdness & Mutations

You have razor-sharp teeth.
Your natural rate of healing is unusually fast.
When hurt, damage is shared between your health and your magic reserves.
Your bite disrupts and absorbs the magic of your enemies.
Potions cannot restore your health.


Message History

The two-headed ogre closely misses you.
The two-headed ogre hits you with a +0 giant club!
The ogre mage points at the two-headed ogre and mumbles some strange words.
The two-headed ogre seems to speed up.
You block the ogre's attack. You block the two-headed ogre's attack.
The two-headed ogre closely misses you. The ogre closely misses you.
The two-headed ogre completely misses you.
The two-headed ogre closely misses you.
The two-headed ogre completely misses you.
You block the two-headed ogre's attack. The ogre closely misses you.
The two-headed ogre closely misses you.
The two-headed ogre hits you but does no damage.
You climb upwards.
There is a stone staircase leading down here.
You sock the two-headed ogre! You bite the two-headed ogre!
You drain its power.
You feel invigorated.
The two-headed ogre is heavily wounded.
The two-headed ogre hits you with a +0 giant club!!
The two-headed ogre misses you. The ogre barely misses you.
The ogre closely misses you.
You are too injured to fight recklessly!
You puncture the two-headed ogre! You bite the two-headed ogre.
You drain its power.
You feel invigorated.
The two-headed ogre is severely wounded.
The two-headed ogre hits you with a +0 giant spiked club!
* * * LOW HITPOINT WARNING * * *
The two-headed ogre barely misses you.
The two-headed ogre completely misses you.
You block the two-headed ogre's attack. You block the ogre's attack.
The two-headed ogre closely misses you. The two-headed ogre misses you.
You hammer the two-headed ogre like a gong!!!
You kill the two-headed ogre!
Makhleb accepts your kill. The ogre misses you.
The two-headed ogre completely misses you.
The two-headed ogre hits you with a +0 dire flail.
* * * LOW HITPOINT WARNING * * *
The ogre misses you.
The two-headed ogre hits you with a +0 giant club!!
You die...

#.............###.####
#........#.....##.##.##
##............#.......#
#.................##.##
##..#.........#.#.#.##
##.......)()[........##
##.........)<).........##
#.........OO[[..........#
##.......)@O.......###.##
##.#....OOO.........###
####.#...............##
#...................#
##........#.......#.##
#.........###......##
##.#.#.....###.....####
######....# ##...#.#.##
#....## #........#


You could see 3 two-headed ogres and 3 ogres.

Vanquished Creatures
  Frances (D:12)
  Gastronok (Lair:1)
  Kirke (D:12)
  Josephine (D:11)
  4 hydras
  2 boulder beetles
  3 ogre magi
  2 catoblepae (Lair:5)
  Erica (D:11)
  An orc high priest (Orc:1)
  10 two-headed ogres
  3 thrashing horrors (Lair:6)
  Nergalle (Lair:4)
  The ghost of kalagan the Thaumaturge, a novice DECj of Sif Muna (D:8)
  A deep troll (D:13)
  2 large abominations (Lair:6)
  2 lindwurms
  2 deep elf pyromancers (D:12)
  An orc knight (D:13)
  3 ugly things
  An orc sorcerer (Orc:1)
  A cyclops (Orc:1)
  6 elephants (Lair:5)
  A manticore (D:6)
  6 black mambas
  3 smoke demons (Lair:6)
  2 unseen horrors (D:12)
  10 cane toads
  8 komodo dragons
  A kobold demonologist (D:6)
  A rime drake (Lair:3)
  A queen bee (Lair:3)
  2 ancient zymes (Lair:6)
  A merfolk (shapeshifter) (D:13)
  2 hornets
  2 trolls (D:11)
  7 polar bears
  A tarantella (shapeshifter) (D:13)
  23 blink frogs
  10 dream sheep
  2 jumping spiders (Lair:2)
  2 spriggans
  3 ynoxinuls (Lair:6)
  2 shadows
  7 wraiths
  2 vampires (D:11)
  8 basilisks
  23 yaks
  4 wyverns
  A hog (D:12)
  A fire bat (shapeshifter) (Lair:6)
  3 steam dragons
  3 wargs
  An acid dragon (D:12)
  9 water moccasins
  15 orc warriors
  3 sky beasts
  An ice beast (D:7)
  4 black bears
  3 centaurs
  11 ogres
  6 wolves (Lair:4)
  4 kobold brigands (D:6)
  Blork the orc (D:5)
  6 gnoll sergeants
  6 bullfrogs
  A wyvern zombie (D:7)
  2 scorpions
  7 small abominations (Lair:6)
  24 killer bees
  8 wights (D:6)
  3 electric eels (Lair:3)
  9 howler monkeys
  A bullfrog zombie (D:6)
  2 bullfrog skeletons
  A jelly (D:8)
  A gnoll shaman (D:8)
  10 hounds
  13 orc priests
  19 orc wizards
  2 iguanas
  7 hell rats (Lair:4)
  Terence (D:2)
  23 gnolls
  11 adders
  2 shadow imps
  2 white imps
  4 adder skeletons (D:4)
  A worm (D:5)
  A dart slug (D:4)
  44 orcs
  9 ball pythons
  9 bats
  9 endoplasms
  2 giant cockroaches (D:2)
  7 goblins
  6 hobgoblins
  3 jackals (D:1)
  3 quokkas
  5 frilled lizards
  9 kobolds
  5 rats
529 creatures vanquished.

Vanquished Creatures (collateral kills)
  A blink frog (Lair:2)
1 creature vanquished.

Vanquished Creatures (others)
  20 fungi
  38 plants
58 creatures vanquished.

Grand Total: 588 creatures vanquished

Notes
Turn   | Place    | Note
-------+----------+-------------------------------------------
     0 | D:1      | Plasmagod the Vine Stalker Fighter began the quest for the
                  | Orb.
     0 | D:1      | Reached XP level 1. HP: 11/11 MP: 2/2
    84 | D:1      | Reached XP level 2. HP: 14/16 MP: 3/3
   177 | D:1      | Found a faded altar of an unknown god.
   391 | D:1      | Reached XP level 3. HP: 20/20 MP: 4/4
  1218 | D:2      | Gained mutation: Your natural rate of healing is unusually
                  | fast. [Vine Stalker growth]
  1218 | D:2      | Reached XP level 4. HP: 21/24 MP: 3/5
  1491 | D:2      | Noticed Terence
  1503 | D:2      | Killed Terence
  1693 | D:2      | Reached XP level 5. HP: 17/28 MP: 4/6
  1700 | D:2      | HP: 1/28 [kobold/+0 short sword (3)]
  1701 | D:2      | Reached skill level 1 in Maces & Flails
  2641 | D:4      | Reached skill level 2 in Maces & Flails
  2641 | D:4      | Reached skill level 1 in Dodging
  2641 | D:4      | Reached XP level 6. HP: 33/33 MP: 7/7
  2685 | D:4      | Identified the +1 ring mail of Protective Custody {Str+3
                  | Dex+7 SInv}
  2906 | D:4      | Found a glowing golden altar of the Shining One.
  3022 | D:4      | Noticed a black bear
  3028 | D:4      | Killed a black bear
  3081 | D:5      | Entered Level 5 of the Dungeon
  3094 | D:5      | Noticed a black bear
  3098 | D:5      | Killed a black bear
  3099 | D:5      | Reached skill level 3 in Maces & Flails
  3099 | D:5      | Reached XP level 7. HP: 37/37 MP: 8/8
  3342 | D:5      | Noticed Blork the orc
  3350 | D:5      | Killed Blork the orc
  3549 | D:5      | Reached skill level 4 in Maces & Flails
  3681 | D:5      | Found Naghed's Weapon Shoppe.
  3740 | D:5      | Reached skill level 1 in Stealth
  3740 | D:5      | Gained mutation: You have razor-sharp teeth. [Vine Stalker
                  | growth]
  3740 | D:5      | Reached XP level 8. HP: 37/42 MP: 7/9
  4656 | D:6      | Noticed a manticore
  4665 | D:6      | Killed a manticore
  4666 | D:6      | Reached skill level 5 in Maces & Flails
  4666 | D:6      | Reached skill level 5 in Armour
  4672 | D:6      | Reached XP level 9. HP: 29/46 MP: 10/10
  4829 | D:6      | Reached skill level 6 in Maces & Flails
  4834 | D:6      | Reached skill level 5 in Fighting
  4884 | D:6      | Reached skill level 7 in Maces & Flails
  4894 | D:6      | Reached skill level 5 in Shields
  5017 | D:6      | Reached XP level 10. HP: 42/51 MP: 7/11
  5022 | D:6      | Reached skill level 8 in Maces & Flails
  5059 | D:6      | Noticed a kobold demonologist
  5067 | D:6      | Killed a kobold demonologist
  5223 | D:6      | Found a staircase to the Ecumenical Temple.
  5229 | Temple   | Entered the Ecumenical Temple
  5254 | Temple   | Became a worshipper of Makhleb the Destroyer
  5856 | D:7      | Reached skill level 9 in Maces & Flails
  6681 | D:8      | Found Beciejufa's Serpentskin Sales.
  6782 | D:8      | Identified the +8 spear of Cyseto {venom, rF- rCorr MP+9
                  | SInv}
  6798 | D:8      | Found a transporter.
  6803 | D:8      | Noticed kalagan's ghost (novice DECj)
  6848 | D:8      | Found a transporter.
  7092 | D:8      | Reached * piety under Makhleb
  7320 | D:9      | Found Aqavylek's General Store.
  7756 | D:10     | Entered Level 10 of the Dungeon
  7782 | D:10     | Reached skill level 10 in Maces & Flails
  7782 | D:10     | Reached XP level 11. HP: 44/57 MP: 9/12
  7835 | D:10     | Noticed an eight-headed hydra
  7847 | D:10     | Killed an eight-headed hydra
  7891 | D:10     | Reached ** piety under Makhleb
  7896 | D:10     | Found a staircase to the Orcish Mines.
  7896 | D:10     | Identified the +0 scale mail of Dawn {rC- MP+9 Str+4}
  8554 | D:11     | Noticed Erica
  8565 | D:11     | Killed Erica
  8566 | D:11     | Reached skill level 1 in Invocations
  8715 | D:11     | Noticed Josephine
  8724 | D:11     | Killed Josephine
  8729 | D:11     | Reached skill level 11 in Maces & Flails
  8914 | D:11     | Found a radiant altar of Vehumet.
  9206 | D:11     | Noticed a boulder beetle
  9214 | D:11     | Killed a boulder beetle
  9229 | D:11     | Reached XP level 12. HP: 28/63 MP: 8/15
  9273 | D:11     | Found a staircase to the Lair.
  9709 | D:8      | Reached *** piety under Makhleb
  9726 | D:8      | Killed kalagan's ghost
  9757 | D:8      | Identified the ring of Tyidis {Fire Dex+3}
  9988 | D:12     | Noticed Kirke
 10001 | D:12     | Reached skill level 1 in Polearms
 10006 | D:12     | Killed Kirke
 10098 | D:12     | Reached skill level 12 in Maces & Flails
 10136 | D:12     | Noticed a two-headed ogre
 10136 | D:12     | Noticed a two-headed ogre
 10145 | D:12     | Killed a two-headed ogre
 10154 | D:12     | Killed a two-headed ogre
 10201 | D:12     | Found the +7 pair of quick blades "Gyre" and "Gimble"
                  | {protect}
 10284 | D:12     | Reached skill level 5 in Invocations
 10289 | D:12     | Reached skill level 5 in Dodging
 10344 | D:12     | Noticed a boulder beetle
 10359 | D:12     | Killed a boulder beetle
 10551 | D:12     | Noticed Frances
 10571 | D:12     | Killed Frances
 10840 | D:13     | Noticed a vault guard
 11242 | D:5      | Bought the +11 morningstar "Okhet" {vorpal, rElec rPois rF+
                  | rC+} for 1025 gold pieces
 11585 | Lair:1   | Entered Level 1 of the Lair of Beasts
 11594 | Lair:1   | Noticed Pexteng's ghost (journeyman MiFi)
 11617 | Lair:1   | Reached XP level 13. HP: 68/68 MP: 18/18
 11778 | Lair:1   | Reached skill level 5 in Stealth
 11832 | Lair:1   | Found a runed translucent gate.
 11832 | Lair:1   | Found a runed translucent gate.
 11832 | Lair:1   | Found a runed translucent gate.
 12051 | Lair:1   | Noticed Gastronok
 12060 | Lair:1   | Killed Gastronok
 12212 | Lair:1   | Reached **** piety under Makhleb
 12565 | Lair:2   | Found a staircase to the Swamp.
 12635 | Lair:2   | Found a hole to the Spider Nest.
 12640 | Lair:2   | Reached skill level 13 in Maces & Flails
 13685 | Lair:3   | Reached ***** piety under Makhleb
 14448 | Lair:4   | Noticed Nergalle
 14453 | Lair:4   | Killed Nergalle
 14913 | Lair:5   | Reached XP level 14. HP: 74/74 MP: 20/20
 14978 | Lair:5   | Reached skill level 5 in Polearms
 15020 | Lair:5   | Identified the +9 spear of Mourning {holy, rElec rN+ Str-4}
 15251 | Lair:5   | Reached skill level 14 in Maces & Flails
 15492 | Lair:6   | Entered Level 6 of the Lair of Beasts
 15519 | Lair:6   | Reached skill level 1 in Evocations
 15931 | Lair:6   | Reached ****** piety under Makhleb
 16124 | Lair:6   | Found a corrupted altar of Lugonu.
 16124 | Lair:6   | Found a one-way gate to the infinite horrors of the Abyss.
 16344 | Lair:6   | Found a staircase to the Slime Pits.
 16640 | Lair:6   | Identified the +6 shortbow of Egomania {freeze, rC++}
 17062 | Orc:1    | Entered Level 1 of the Orcish Mines
 17355 | Orc:2    | Entered Level 2 of the Orcish Mines
 17357 | Orc:2    | Found Riaj's Magic Scroll Boutique.
 17357 | Orc:2    | Found Soac Bolirph's Jewellery Emporium.
 17358 | Orc:2    | Found Yffoemen's Antique Weapon Emporium.
 17358 | Orc:2    | Found Dawest's Distillery.
 17371 | Orc:2    | Reached XP level 15. HP: 79/79 MP: 20/22
 17438 | Orc:1    | Slain by a two-headed ogre

Illustrated notes

Levels and vault maps discovered:
D:1:      amcnicky_arrival_double_pillar, layout_rooms,
          shapermc_ecumenical_altar_mp_ritualfount, serial_bayou_lagoon_a
D:2:      minmay_chambers_of_ones, layout_loops_ring, palyth_stone_intersect,
          uniq_terence
D:3:      layout_loops_ring
D:4:      layout_basic, mainiacjoe_overflow_surrounded_room
D:5:      layout_basic, serial_shops, nicolae_inconvenience_store,
          minmay_misc_feat_alley, minmay_misc_feat_ornament,
          chequers_serial_rivers_micro_a, uniq_blork_the_orc
D:6:      lemuel_castle_with_subvaults [lemuel_castle_interior_carwin_2],
          layout_rooms, minmay_temple_entry_fiery
D:7:      layout_basic, minivault_22
D:8:      layout_basic, gammafunk_ghost_gnarly_gnolls, guppyfry_shop_venom
D:9:      layout_roguey, serial_shops, shop
D:10:     layout_basic, erik_orc_4, serial_aquarium, aquarium_bridge_square
          [aquarium_subvault_bridge, aquarium_subvault_balcony,
          aquarium_subvault_wall, aquarium_subvault_bridge],
          aquarium_window_fake, aquarium_window_1, aquarium_view_2d,
          aquarium_balcony_3b, aquarium_pool_side
D:11:     layout_basic, erik_lair_dragon, vehumet_altar_wand_db, uniq_josephine,
          uniq_erica
D:12:     layout_roguey, hellmonk_guarded_unrand_gyre_and_gimble, uniq_kirke,
          uniq_frances
D:13:     layout_irregular_city, david_vaults_4
Temple:   mainiacjoe_temple_archimedes_tessellation
Lair:1:   layout_loops_ring, gammafunk_ghost_split, minivault_27,
          nicolae_quartered_pool_impasse, cheibrodos_lair_lostbears,
          lemuel_fruit_tree, uniq_gastronok
Lair:2:   layout_roguey, swamp_mist, spider_nest_entry_a, grunt_megastairs_1
Lair:3:   layout_misc_corridors, special_room [special_room_bee],
          serial_bayou_lagoon_b, serial_bayou_shore_b, serial_bayou_shore_b
Lair:4:   layout_hall_layers, uniq_nergalle
Lair:5:   layout_roguey
Lair:6:   hellmonk_lair_end_abyssal_woods, layout_cave_pods, slime_dummy,
          grunt_megastairs_2, serial_bayou_shore_b
Orc:1:    layout_caves
Orc:2:    st_orc_ogre_mass, layout_caves, basic_altar, enter_volcano_1,
          minmay_orc_temple_c

Skill      XL: |  1  2  3  4  5  6  7  8  9 10 11 12 13 14 15 |
---------------+----------------------------------------------+-----
Fighting       | 3 4 5 6 7 8 9 |  9.6
Axes           | 2 |  2.9
Shields        | 3 4 5 6 7 |  7.0
Maces & Flails | 2 3 4 5 7 10 11 12 13 14 | 14.6
Armour         | 3 4 5 6 7 8 |  8.9
Dodging        | 1 2 3 4 5 6 |  6.4
Stealth        | 1 3 4 5 6 |  6.2
Invocations    | 3 5 6 8 |  8.3
Polearms       | 3 4 6 |  6.3
Evocations     | 1 |  1.0

Action                   |  1- 3 |  4- 6 |  7- 9 | 10-12 | 13-15 || total
-------------------------+-------+-------+-------+-------+-------++-------
Melee: War axe           |    46 |       |       |       |       ||    46
       Bite              |    11 |    32 |    59 |   149 |   232 ||   483
       Mace              |    17 |   128 |   119 |       |       ||   264
       Dire flail        |       |       |    69 |   419 |       ||   488
       Morningstar       |       |       |       |     3 |   574 ||   577
Invok: Lesser Servant of |       |       |       |       |     2 ||     2
Evoke: Phial of floods   |       |       |       |     1 |     1 ||     2
       Box of beasts     |       |       |       |       |     1 ||     1
       Wand              |       |       |       |       |     4 ||     4
  Use: Scroll            |       |       |    10 |    13 |     8 ||    31
       Potion            |       |       |       |     2 |     1 ||     3
 Stab: Sleeping          |       |       |       |     7 |    11 ||    18
       Distracted        |       |       |       |     1 |     1 ||     2
Armor: Scale mail        |    39 |    34 |       |       |       ||    73
       Plate armour      |       |    19 |       |       |       ||    19
       Ring mail         |       |    10 |    61 |    95 |   184 ||   350
Dodge: Dodged            |    45 |    60 |   160 |   270 |   604 ||  1139
Block: Buckler           |     8 |    31 |    48 |     2 |   379 ||   468
